 Dungeon Crawl Stone Soup version 0.28-a0-1087-gf3fc490d9d (webtiles) character file.

Game seed: 14247643668731423747

13 mainiacjoe the Vexing (level 2, -1/21 HPs)
             Began as a Formicid Arcane Marksman on Dec 11, 2021.
             Slain by an endoplasm (3 damage)
             ... on level 1 of the Dungeon.
             The game lasted 00:01:26 (103 turns).

mainiacjoe the Vexing (Formicid Arcane Marksman)     Turns: 103, Time: 00:01:26

Health: -1/21      AC:  2    Str: 14    XL:     2   Next: 50%
Magic:  3/4        EV: 12    Int: 12    God:
Gold:   0          SH:  0    Dex: 11    Spells: 2/3 levels left

rFire   . . .      SeeInvis +   a - +0 hand crossbow
rCold   . . .      Faith    .   (no shield)
rNeg    . . .      Spirit   .   d - +0 robe
rPois   .          Reflect  .   (helmet unavailable)
rElec   .          Harm     .   (no cloak)
rCorr   .          Rampage  .   (no gloves)
Will    .....                   (no boots)
Stlth   +.........              (no amulet)
HPRegen 0.07/turn               (no ring)
MPRegen 0.09/turn               (no ring)

@: very slightly contaminated
A: permanent stasis, dig shafts and tunnels, antennae 3, four strong arms
a: Dig, Shaft Self


You were on level 1 of the Dungeon.
You visited 1 branch of the dungeon, and saw 1 of its levels.

Inventory:

Hand Weapons
 a - a +0 hand crossbow (weapon)
Missiles
 c - 12 bolts (quivered ammo)
Armour
 d - a +0 robe (worn)


   Skills:
 - Level 1.1 Fighting
 - Level 2.0 Crossbows
 - Level 1.7 Dodging
 + Level 1.4 Spellcasting
 * Level 4.1 Hexes
 + Level 0.7 Fire Magic


You had 2 spell levels left.
You knew the following spells:

 Your Spells              Type           Power      Damage    Failure   Level
a - Slow                  Hex            40%        N/A       5%          1

Your spell library contained the following spells:

 Spells                   Type           Power      Damage    Failure   Level
 Inner Flame              Hex/Fire       6%         N/A       32%         3
 Portal Projectile        Hex/Tloc       10%        N/A       36%         3
 Cause Fear               Hex            5%         N/A       45%         4


Dungeon Overview and Level Annotations

Branches:
Dungeon (1/15)

Altars:


Innate Abilities, Weirdness & Mutations

You cannot be hasted, slowed, berserked, paralysed or teleported.
You can dig through walls and to a lower floor.
You have a pair of large antennae on your head. (SInv)
Your four strong arms can wield two-handed weapons with a shield.


Message History

The jackal closely misses you. The jackal bites you.
* * * LOW HITPOINT WARNING * * *
Things that are here:
a bolt; a +0 spear Fire: 15 bolts
Press: ? - help, Q - select action, (/) - cycle Shift-Dir - straight line, f - jackal
Aim: a jackal (53% to hit)
You shoot a bolt. The bolt hits the jackal.
The jackal is heavily wounded.
The jackal barely misses you. x2
Fire: 14 bolts
Press: ? - help, Q - select action, (/) - cycle Shift-Dir - straight line, f/p - jackal
Aim: a jackal (heavily wounded, 53% to hit)
You shoot a bolt. The bolt barely misses the jackal.
The jackal bites you.
* * * LOW HITPOINT WARNING * * *
The jackal misses you.
Fire: 13 bolts
Press: ? - help, Q - select action, (/) - cycle Shift-Dir - straight line, f/p - jackal
Aim: a jackal (heavily wounded, 53% to hit)
You shoot a bolt. The bolt hits the jackal!
You kill the jackal!
There is an open door here.
You see here a bolt.
You enter the shallow water.
Moving in this stuff is going to be slow.
The endoplasm freezes you.
You are frozen.
* * * LOW HITPOINT WARNING * * *
There is an open door here.
Casting: Slow (safe; 5% risk of failure)
Confirm with . or Enter, or press ? or * to list all spells.
Aiming: Slow (safe; 5% risk of failure)
Press: ? - help, Shift-Dir - straight line, f - endoplasm
Aim: an endoplasm (chance to affect: 63%)
You miscast Slow.
You are very lightly contaminated with residual magic.
Nothing appears to happen.
The endoplasm hits you.
You die...

#.. #...####(####.# #.(.
#.. #(# .# ##... ###.#
####(#### . ...... #...#
#≈≈≈≈≈≈≈# ......# #.#.#
#≈#≈<≈#≈# .......###.#.#
#≈#≈###≈# ......(....#.#
#≈≈≈≈≈≈##
......##.....#########≈#
..... ####...@J..#≈≈≈##
.... #.#..#.##≈##≈# ...
#.#..#....# .# ..
.....###### +# . #.####.
... ## #.. #.#


You could see an endoplasm.

Vanquished Creatures
  A gnoll (D:1)
  A jackal (D:1)
  A quokka (D:1)
  A rat (D:1)
4 creatures vanquished.

Notes
Turn   | Place    | Note
-------+----------+-------------------------------------------
     0 | D:1      | mainiacjoe the Formicid Arcane Marksman began the quest for
                  | the Orb.
     0 | D:1      | Reached XP level 1. HP: 15/15 MP: 2/2
    80 | D:1      | Reached skill level 4 in Hexes
    80 | D:1      | Reached XP level 2. HP: 5/21 MP: 4/4
    88 | D:1      | HP: 1/21 [frozen (1)]
   103 | D:1      | Slain by an endoplasm

Illustrated notes

Levels and vault maps discovered:
D:1:      ncdulo_wetmaze, layout_rooms

Skill      XL: |  1 |
---------------+----+-----
Hexes          | 4 |  4.1
Fighting       | |  1.1
Crossbows      | |  2.0
Dodging        | |  1.7
Spellcasting   | |  1.4
Fire Magic     | |  0.7

Action                   || total
-------------------------++-------
 Fire: Hand crossbow     ||     9
 Cast: Slow              ||     1
 Abil: Dig               ||     1
Dodge: Dodged            ||     6

Table legend: (Time is in decaauts)
 A = Elapsed time spent in this place.
 B = Non-inter-level travel time spent in this place.
 C = Inter-level travel time spent in this place.
 D = Time resting spent in this place.
 E = Time spent auto-exploring this place.
 F = Levels seen in this place.
 G = Mean time per level.
                   A        B        C        D        E       F      G
               +--------+--------+--------+--------+--------+-----+--------+
         Total |    129 |    129 |      0 |      0 |     25 |   1 |  129.0 |
       Dungeon |    129 |    129 |      0 |      0 |     25 |   1 |  129.0 |
               +--------+--------+--------+--------+--------+-----+--------+

Top non-repeatable levels by time:
     D:1: 129 daAuts
